Map: Ulzaan

Players

Diamanco

  • Race: Protoss Protoss
  • League: Diamond
  • Spawn Location: 1:00

ykrum

  • Race: Terran Terran
  • League: Diamond
  • Spawn Location: 3:00

OpuS

  • Race: Protoss Protoss
  • League: Platinum
  • Spawn Location: 9:00

Sketchaphone

  • Race: Zerg Zerg
  • League: Platinum
  • Spawn Location: 11:00

VOD

Have the link to the VOD?

Description

Time

  • Played on: Feb. 19, 2019, 8:14 p.m.
  • Length: 5:31
Show
View Real Time Build Order
Export as new Build Order

Diamanco Protoss 

Build Orders: Cannon Rush 

Get SALT Encoding   

  12  0:01  Probe  
  13  0:15  Pylon  
  13  0:19  Probe  
  14  0:31  Probe  
  15  0:36  Forge  
  15  0:43  Probe  
  16  0:55  Probe  
  17  1:07  Probe  
  18  1:21  Pylon  
  18  1:23  Probe  
  19  1:31  Pylon  
  19  1:39  Photon Cannon  
  19  1:41  Photon Cannon  
  19  1:44  Photon Cannon  
  19  1:52  Photon Cannon  
  19  1:59  Photon Cannon  
  19  2:12  Photon Cannon  
  18  2:23  Photon Cannon  
  18  2:26  Photon Cannon  
  18  2:28  Pylon  
  18  2:42  Photon Cannon  
  18  2:52  Photon Cannon  
  18  3:02  Photon Cannon  
  18  3:05  Photon Cannon  
  18  3:09  Photon Cannon  
  18  3:16  Pylon  
  18  3:23  Photon Cannon  
  18  3:36  Pylon  
  18  3:40  Photon Cannon  
  18  3:47  Gateway  
  18  3:58  Photon Cannon  
  18  4:08  Photon Cannon  
  18  4:18  Pylon  
  18  4:45  Photon Cannon  
  18  4:55  Photon Cannon  
  18  4:59  Photon Cannon  
  18  5:08  Pylon  
  18  5:17  Pylon  
  18  5:22  Pylon  
  18  5:29  Photon Cannon  
  18  5:30  Photon Cannon  
Show
View Real Time Build Order
Export as new Build Order

ykrum Terran 

Build Orders:  

Get SALT Encoding   

  12  0:01  SCV  
  13  0:13  SCV  
  14  0:20  Supply Depot  
  14  0:25  SCV  
  15  0:30  Refinery  
  15  0:41  SCV  
  16  0:47  Barracks  
  16  0:53  SCV  
  17  1:04  Barracks  
  17  1:07  SCV  
  18  1:15  Refinery  
  18  1:22  SCV  
  19  1:34  Reaper  
  19  1:38  Barracks  
  20  1:50  Supply Depot  
  20  1:55  Supply Depot  
  20  1:56  Reaper  
  21  2:06  Reaper  
  22  2:25  Reaper  
  22  2:27  Orbital Command  
  23  2:33  Reaper  
  24  2:39  Reaper  
  25  2:48  Supply Depot  
  25  2:54  SCV  
  25  2:57  Reaper  
  27  3:14  Reaper x2  
  29  3:26  SCV  
  30  3:28  Supply Depot  
  30  3:29  Reaper  
  31  3:46  Reaper x2  
  33  4:01  Reaper  
  34  4:07  Supply Depot  
  34  4:08  Factory, SCV  
  33  4:28  Reaper  
  33  4:29  Reaper  
  35  4:45  Barracks Reactor  
  35  4:59  Command Center  
  33  5:27  Factory Tech Lab  
Show
View Real Time Build Order
Export as new Build Order

OpuS Protoss 

Build Orders:  

Get SALT Encoding   

  12  0:01  Probe  
  13  0:13  Probe  
  14  0:19  Pylon  
  14  0:25  Probe  
  15  0:39  Gateway  
  15  0:41  Probe  
  15  0:49  Probe, Assimilator  
  16  0:53  Assimilator  
  17  0:59  Probe  
  19  1:11  Probe  
  19  1:15  Gateway  
  19  1:23  Probe  
  20  1:29  Cybernetics Core  
  20  1:38  Pylon  
  20  1:49  Forge  
  17  2:22  Photon Cannon  
  15  2:28  Photon Cannon  
  10  3:20  Nexus  
  8  4:48  Pylon  
  8  5:09  Forge  
Show
View Real Time Build Order
Export as new Build Order

Sketchaphone Zerg 

Build Orders: Hatch First 

Get SALT Encoding   

  12  0:01  Drone  
  13  0:13  Overlord  
  13  0:19  Drone  
  14  0:30  Drone, Extractor  
  14  0:33  Drone  
  16  0:36  Drone  
  17  0:58  Hatchery  
  17  0:59  Drone  
  17  1:02  Drone  
  18  1:06  Extractor  
  18  1:07  Drone  
  18  1:23  Spawning Pool  
  18  1:25  Drone  
  18  1:30  Drone  
  19  1:52  Overlord  
  19  1:55  Overlord  
  19  2:14  Metabolic Boost  
  19  2:19  Zergling x4  
  19  2:20  Queen x2  
  25  2:25  Drone  
  26  2:31  Baneling Nest  
  26  2:46  Extractor  
  26  2:47  Zergling x4  
  26  2:48  Zergling x2  
  28  2:59  Lair  
  27  3:14  Spine Crawler  
  27  3:17  Spine Crawler  
  25  3:39  Spine Crawler  
  23  3:44  Drone  
  23  3:45  Drone x2  
  21  4:07  Zergling x6  
  24  4:12  Drone x7, Spine Crawler  
  24  4:14  Zergling x2  
  28  4:30  Zergling x2  
  15  4:39  Drone  
  10  4:48  Drone  
Tags
 
Add a new tag
Caveats
  • Supply blocks, unpowered buildings, or Contaminate may cause inaccurate times.
  • Supply counts are checked every 10 seconds.